TOP OF THE 1ST |
University of Alabama Crimson Tide batting - Pitching for Mississippi State University Bulldogs : RHP Fernando Montoya
|
Pitching: RHP Fernando Montoya
|
|
Batting: RHB Danny Rosario
|
0-0: Ball 1-0: Ball 2-0: Ball 3-0: Called Strike 3-1: Foul Ball, location: 2F 3-2: Strikes out swinging, 2-3 out at first.
|
Batting: RHB Juan Araiza
|
0-0: Ball 1-0: Ball 2-0: Fly out, F7 (Line Drive, 7, EV 94.4 MPH)
|
Batting: LHB Yu-shu Ni
|
0-0: Ball 1-0: Called Strike 1-1: Foul Ball, location: 2F 1-2: Ball 2-2: Fly out, F9 (Flyball, 9D, EV 84.4 MPH)
|
Top of the 1st over - 0 runs, 0 hits, 0 errors, 0 left on base; University of Alabama 0 - Mississippi State University 0 |
BOTTOM OF THE 1ST |
Mississippi State University Bulldogs batting - Pitching for University of Alabama Crimson Tide : RHP Dwayne Boivin
|
Pitching: LHP Juan Cardenas
|
|
Batting: RHB Alvin Abarca
|
0-0: Ball 1-0: Called Strike 1-1: Foul Ball, location: 2F 1-2: Foul Ball, location: 2F 1-2: SINGLE (Groundball, 34D, EV 98.8 MPH)
|
Batting: RHB Cody Ammann
|
0-0: Fly out, F8 (Flyball, 8LXD, EV 109.4 MPH)
|
Batting: RHB Benito Gonzales
|
0-0: Called Strike 0-1: Ball 1-1: Swinging Strike 1-2: Foul Ball, location: 2F 1-2: Fielders Choice at 2nd, 4-6 (Groundball, 4M, EV 105.0 MPH)
|
Batting: LHB Danny Shanahan
|
0-0: Fly out, F9 (Line Drive, 9D, EV 97.5 MPH)
|
Bottom of the 1st over - 0 runs, 1 hit, 0 errors, 1 left on base; University of Alabama 0 - Mississippi State University 0 |
TOP OF THE 2ND |
University of Alabama Crimson Tide batting - Pitching for Mississippi State University Bulldogs : RHP Fernando Montoya
|
Batting: RHB Matt Williams
|
0-0: Ball 1-0: Ball 2-0: Ball 3-0: Called Strike 3-1: Base on Balls
|
Batting: RHB B.J. Clark
|
0-0: Foul Ball, location: 2F 0-1: Ball 1-1: Fielders Choice at 2nd, 5-4 (Groundball, 56S, EV 90.6 MPH)
|
Batting: LHB Brian Van
|
0-0: Ball 1-0: Ball 2-0: Called Strike 2-1: Called Strike 2-2: Ball 3-2: Strikes out swinging
|
Batting: RHB Hughie Withers
|
0-0: Fielders Choice at 2nd, 5-4 (Groundball, 56, EV 91.9 MPH)
|
Top of the 2nd over - 0 runs, 0 hits, 0 errors, 1 left on base; University of Alabama 0 - Mississippi State University 0 |
BOTTOM OF THE 2ND |
Mississippi State University Bulldogs batting - Pitching for University of Alabama Crimson Tide : LHP Juan Cardenas
|
Batting: RHB Logan Strassburg
|
0-0: Swinging Strike 0-1: Called Strike 0-2: Ball 1-2: Ground out 1-3 (Groundball, 34S, EV 70.6 MPH)
|
Batting: RHB Karl Lukasiewicz
|
0-0: Foul Ball, location: 2F 0-1: Foul Ball, location: 2F 0-2: Foul Ball, location: 2F 0-2: Ball 1-2: Foul Ball, location: 2F 1-2: Fly out, F8 (Flyball, 78S, EV 83.8 MPH)
|
Batting: RHB Eric Riley
|
0-0: Ball 1-0: Foul Ball, location: 2F 1-1: Called Strike 1-2: Strikes out looking
|
Bottom of the 2nd over - 0 runs, 0 hits, 0 errors, 0 left on base; University of Alabama 0 - Mississippi State University 0 |
TOP OF THE 3RD |
University of Alabama Crimson Tide batting - Pitching for Mississippi State University Bulldogs : RHP Fernando Montoya
|
Batting: LHB Robby Ramires
|
0-0: Called Strike 0-1: Foul Ball, location: 2F 0-2: Ball 1-2: Strikes out swinging
|
Batting: RHB David Sanchez
|
0-0: Swinging Strike 0-1: Ball 1-1: Called Strike 1-2: Ball 2-2: Fly out, F5 (Line Drive, 56, EV 63.1 MPH)
|
Batting: RHB Danny Rosario
|
0-0: Ground out 4-3 (Groundball, 4, EV 86.9 MPH)
|
Top of the 3rd over - 0 runs, 0 hits, 0 errors, 0 left on base; University of Alabama 0 - Mississippi State University 0 |
BOTTOM OF THE 3RD |
Mississippi State University Bulldogs batting - Pitching for University of Alabama Crimson Tide : LHP Juan Cardenas
|
Pitching: RHP Jose Benavidez
|
|
Batting: RHB Chris Everett
|
0-0: Called Strike 0-1: Ball 1-1: DOUBLE (Line Drive, 3D, EV 108.1 MPH)
|
Batting: RHB Jun Qing
|
0-0: Called Strike 0-1: Called Strike 0-2: Ball 1-2: Ball 2-2: Fly out, F9 (Flyball, 9LM, EV 87.5 MPH)
|
Batting: RHB Alvin Abarca
|
0-0: Ball 1-0: Called Strike 1-1: Ground out 6-3 (Groundball, 6, EV 86.9 MPH)
|
Batting: RHB Cody Ammann
|
0-0: Called Strike 0-1: Swinging Strike 0-2: Strikes out looking
|
Bottom of the 3rd over - 0 runs, 1 hit, 0 errors, 1 left on base; University of Alabama 0 - Mississippi State University 0 |
TOP OF THE 4TH |
University of Alabama Crimson Tide batting - Pitching for Mississippi State University Bulldogs : RHP Fernando Montoya
|
Batting: RHB Juan Araiza
|
0-0: Ball 1-0: Ball 2-0: Ball 3-0: Foul Ball, location: 2F 3-1: Base on Balls
|
Batting: LHB Yu-shu Ni
|
0-0: Ball 1-0: Ball Wild Pitch! Juan Araiza to second 2-0: Ball 3-0: Called Strike 3-1: Swinging Strike 3-2: DOUBLE (Line Drive, 78D, EV 110.6 MPH) Juan Araiza scores
|
Batting: RHB Matt Williams
|
0-0: Swinging Strike 0-1: Foul Ball, location: 2F 0-2: Foul Ball, location: 2F 0-2: Strikes out swinging
|
Batting: RHB B.J. Clark
|
0-0: Ball 1-0: Ball 2-0: Called Strike 2-1: Foul Ball, location: 2F 2-2: Foul Ball, location: 2F 2-2: Ball 3-2: Strikes out swinging
|
Batting: LHB Brian Van
|
0-0: Called Strike 0-1: Ball 1-1: Swinging Strike 1-2: Foul Ball, location: 2F 1-2: Foul Ball, location: 2F 1-2: Fly out, F7 (Flyball, 7LM, EV 110.6 MPH)
|
Top of the 4th over - 1 run, 1 hit, 0 errors, 1 left on base; University of Alabama 1 - Mississippi State University 0 |
BOTTOM OF THE 4TH |
Mississippi State University Bulldogs batting - Pitching for University of Alabama Crimson Tide : RHP Jose Benavidez
|
Batting: RHB Benito Gonzales
|
0-0: Foul Ball, location: 2F 0-1: Ground out 4-3 (Groundball, 4, EV 81.9 MPH)
|
Batting: LHB Danny Shanahan
|
0-0: Swinging Strike 0-1: Ball 1-1: Foul Ball, location: 2F 1-2: Foul Ball, location: 2F 1-2: Ball 2-2: Foul Ball, location: 2F 2-2: Ball 3-2: Foul Ball, location: 2F 3-2: Ground out U3 (Groundball, 34, EV 88.1 MPH)
|
Batting: RHB Logan Strassburg
|
0-0: Ball 1-0: Ground out 5-3 (Groundball, 56, EV 86.9 MPH)
|
Bottom of the 4th over - 0 runs, 0 hits, 0 errors, 0 left on base; University of Alabama 1 - Mississippi State University 0 |
TOP OF THE 5TH |
University of Alabama Crimson Tide batting - Pitching for Mississippi State University Bulldogs : RHP Fernando Montoya
|
Pitching: RHP Tony Renteria
|
|
Now in LF: Vinnie Kalman
|
|
Batting: RHB Hughie Withers
|
0-0: Called Strike 0-1: Ground out 4-3 (Groundball, 34D, EV 85.6 MPH)
|
Batting: LHB Robby Ramires
|
0-0: Ball 1-0: Called Strike 1-1: Called Strike 1-2: DOUBLE (Line Drive, 9LS, EV 100.6 MPH)
|
Batting: RHB David Sanchez
|
0-0: Ball 1-0: Called Strike 1-1: Ground out 6-3 (Groundball, 6, EV 88.8 MPH)
|
Batting: RHB Danny Rosario
|
0-0: Ball 1-0: Fly out, F8 (Flyball, 8RM, EV 96.9 MPH)
|
Top of the 5th over - 0 runs, 1 hit, 0 errors, 1 left on base; University of Alabama 1 - Mississippi State University 0 |
BOTTOM OF THE 5TH |
Mississippi State University Bulldogs batting - Pitching for University of Alabama Crimson Tide : RHP Jose Benavidez
|
Pitching: LHP Alan Sullivan
|
|
Now at 1B: Onorato Zacagnini
|
|
Now at 2B: Jong-your Lee
|
|
Now at 3B: Mike Bidwell
|
|
Now at SS: Platon Protopsaltis
|
|
Batting: RHB Karl Lukasiewicz
|
0-0: Called Strike 0-1: Fly out, F9 (Flyball, 9, EV 90.6 MPH)
|
Batting: RHB Eric Riley
|
0-0: Swinging Strike 0-1: Ball 1-1: Foul Ball, location: 2F 1-2: Ground out 5-3 (Groundball, 5L, EV 81.9 MPH)
|
Batting: RHB Chris Everett
|
0-0: Swinging Strike 0-1: Ball 1-1: Foul Ball, location: 2F 1-2: Strikes out looking
|
Bottom of the 5th over - 0 runs, 0 hits, 0 errors, 0 left on base; University of Alabama 1 - Mississippi State University 0 |
TOP OF THE 6TH |
University of Alabama Crimson Tide batting - Pitching for Mississippi State University Bulldogs : RHP Tony Renteria
|
Now at C: Oscar Vargas
|
|
Now at 1B: Bill Petipas
|
|
Batting: LHB Platon Protopsaltis
|
0-0: Foul Ball, location: 2F 0-1: Ball 1-1: Ground out 4-3 (Groundball, 34D, EV 82.5 MPH)
|
Batting: LHB Matt Barkley
|
0-0: Ball 1-0: Swinging Strike 1-1: Swinging Strike 1-2: Ball 2-2: Foul Ball, location: 2F 2-2: Fly out, F8 (Flyball, 8RD, EV 109.4 MPH)
|
Batting: RHB Onorato Zacagnini
|
0-0: Ground out 5-3 (Groundball, 56, EV 108.8 MPH)
|
Top of the 6th over - 0 runs, 0 hits, 0 errors, 0 left on base; University of Alabama 1 - Mississippi State University 0 |
BOTTOM OF THE 6TH |
Mississippi State University Bulldogs batting - Pitching for University of Alabama Crimson Tide : LHP Alan Sullivan
|
Now in CF: Joe Blackwood
|
|
Batting: RHB Jun Qing
|
0-0: Ball 1-0: Called Strike 1-1: Ball 2-1: Called Strike 2-2: Strikes out swinging
|
Batting: RHB Masahito Sunada
|
0-0: Swinging Strike 0-1: Called Strike 0-2: Ball 1-2: Ball 2-2: Ball 3-2: Fly out, F9 (Flyball, 9S, EV 86.2 MPH)
|
Pinch Hitting: LHB Ricardo Ramos
|
0-0: SOLO HOME RUN (Flyball, 9D, EV 98.1 MPH), Distance : 386 ft
|
Batting: RHB Oscar Vargas
|
0-0: Ball 1-0: Swinging Strike 1-1: Ball 2-1: Ball 3-1: Base on Balls
|
Batting: LHB Vinnie Kalman
|
0-0: Foul Ball, location: 2F 0-1: SINGLE (Groundball, 5D, EV 96.2 MPH) Oscar Vargas to second
|
Pinch Hitting: RHB Josh Stene
|
0-0: Swinging Strike 0-1: Ball 1-1: Ball 2-1: Called Strike 2-2: Fly out, F8 (Flyball, 78D, EV 109.4 MPH)
|
Bottom of the 6th over - 1 run, 2 hits, 0 errors, 2 left on base; University of Alabama 1 - Mississippi State University 1 |
TOP OF THE 7TH |
University of Alabama Crimson Tide batting - Pitching for Mississippi State University Bulldogs : RHP Tony Renteria
|
Pitching: RHP Randy Richardson
|
|
Now at 3B: Josh Stene
|
|
Now in RF: Ricardo Ramos
|
|
Batting: LHB Joe Blackwood
|
0-0: Called Strike 0-1: Ball 1-1: Ball 2-1: Foul Ball, location: 2F 2-2: Ball 3-2: Strikes out looking
|
Pinch Hitting: LHB Danny Schultz
|
0-0: Foul Ball, location: 2F 0-1: Ball 1-1: Ground out 6-3 (Groundball, 6MS, EV 87.5 MPH)
|
Batting: RHB Jong-your Lee
|
0-0: Called Strike 0-1: Ball 1-1: Ball 2-1: Swinging Strike 2-2: Foul Ball, location: 2F 2-2: Foul Ball, location: 2F 2-2: Strikes out swinging
|
Top of the 7th over - 0 runs, 0 hits, 0 errors, 0 left on base; University of Alabama 1 - Mississippi State University 1 |
BOTTOM OF THE 7TH |
Mississippi State University Bulldogs batting - Pitching for University of Alabama Crimson Tide : LHP Alan Sullivan
|
Pitching: RHP Danny Jaramillo
|
|
Now in LF: Danny Schultz
|
|
Pinch Hitting: LHB Tom Ploughman
|
0-0: Ball 1-0: Fly out, F7 (Line Drive, 78M, EV 100.0 MPH)
|
Pinch Hitting: RHB Alexis Gallegos
|
0-0: Foul Ball, location: 2F 0-1: Foul Ball, location: 2F 0-2: Ground out 5-3 (Groundball, 15, EV 88.1 MPH)
|
Batting: RHB Bill Petipas
|
0-0: Ball 1-0: Ball 2-0: Called Strike 2-1: Ball 3-1: Fly out, F7 (Flyball, 7, EV 95.6 MPH)
|
Bottom of the 7th over - 0 runs, 0 hits, 0 errors, 0 left on base; University of Alabama 1 - Mississippi State University 1 |
TOP OF THE 8TH |
University of Alabama Crimson Tide batting - Pitching for Mississippi State University Bulldogs : RHP Randy Richardson
|
Pitching: LHP Terry Sanders
|
|
Now at 2B: Alexis Gallegos
|
|
Now in CF: Tom Ploughman
|
|
Pinch Hitting: RHB John Hicken
|
0-0: Ball 1-0: Called Strike 1-1: Ball 2-1: Foul Ball, location: 2F 2-2: Foul Ball, location: 2F 2-2: Ball 3-2: Strikes out swinging
|
Pinch Hitting: RHB Larry Brown
|
0-0: Ball 1-0: Called Strike 1-1: Swinging Strike 1-2: Strikes out swinging
|
Batting: SHB Mike Bidwell
|
0-0: Swinging Strike 0-1: Swinging Strike 0-2: Foul Ball, location: 2F 0-2: Strikes out looking
|
Top of the 8th over - 0 runs, 0 hits, 0 errors, 0 left on base; University of Alabama 1 - Mississippi State University 1 |
BOTTOM OF THE 8TH |
Mississippi State University Bulldogs batting - Pitching for University of Alabama Crimson Tide : RHP Danny Jaramillo
|
Pitching: RHP Victor Carillo
|
|
Now at C: Eric Kilmer
|
|
Now in RF: Andrew Robison
|
|
Pinch Hitting: RHB Freddie Kite
|
0-0: Ground out 5-3 (Groundball, 56, EV 87.5 MPH)
|
Batting: RHB Masahito Sunada
|
0-0: Called Strike 0-1: Fly out, F9 (Flyball, 9, EV 79.4 MPH)
|
Batting: LHB Ricardo Ramos
|
0-0: Ball 1-0: Ball 2-0: Called Strike 2-1: Foul Ball, location: 2F 2-2: Ball 3-2: Base on Balls
|
Batting: RHB Oscar Vargas
|
0-0: Ball 1-0: Swinging Strike 1-1: Called Strike 1-2: Strikes out swinging
|
Bottom of the 8th over - 0 runs, 0 hits, 0 errors, 1 left on base; University of Alabama 1 - Mississippi State University 1 |
TOP OF THE 9TH |
University of Alabama Crimson Tide batting - Pitching for Mississippi State University Bulldogs : LHP Terry Sanders
|
Pitching: RHP Erik Bradshaw
|
|
Now at SS: Freddie Kite
|
|
Batting: LHB Platon Protopsaltis
|
0-0: Foul Ball, location: 2F 0-1: Ball 1-1: Swinging Strike 1-2: Foul Ball, location: 2F 1-2: Foul Ball, location: 2F 1-2: Foul Ball, location: 2F 1-2: Foul Ball, location: 2F 1-2: Ball 2-2: Foul Ball, location: 2F 2-2: Foul Ball, location: 2F 2-2: Ball 3-2: Fly out, F8 (Flyball, 8RXD, EV 101.9 MPH)
|
Batting: LHB Matt Barkley
|
0-0: Ball 1-0: Swinging Strike 1-1: Ball 2-1: Foul Ball, location: 2F 2-2: Fly out, F8 (Line Drive, 8LD, EV 85.6 MPH)
|
Pinch Hitting: LHB Eddie Corona
|
0-0: Ball 1-0: Ball 2-0: Ball 3-0: Called Strike 3-1: Base on Balls
|
Batting: LHB Joe Blackwood
|
0-0: Swinging Strike 0-1: Called Strike 0-2: Strikes out swinging
|
Top of the 9th over - 0 runs, 0 hits, 0 errors, 1 left on base; University of Alabama 1 - Mississippi State University 1 |
BOTTOM OF THE 9TH |
Mississippi State University Bulldogs batting - Pitching for University of Alabama Crimson Tide : RHP Victor Carillo
|
Pitching: RHP Dave Bellah
|
|
Now at 1B: Matt Aponte
|
|
Batting: LHB Vinnie Kalman
|
0-0: Called Strike 0-1: Ball 1-1: Fly out, F8 (Flyball, 8LD, EV 95.0 MPH)
|
Batting: RHB Josh Stene
|
0-0: Ball 1-0: Fly out, F7 (Flyball, 7S, EV 73.1 MPH)
|
Batting: LHB Tom Ploughman
|
0-0: Ball 1-0: Fly out, F7 (Flyball, 78M, EV 87.5 MPH)
|
Bottom of the 9th over - 0 runs, 0 hits, 0 errors, 0 left on base; University of Alabama 1 - Mississippi State University 1 |
TOP OF THE 10TH |
University of Alabama Crimson Tide batting - Pitching for Mississippi State University Bulldogs : RHP Erik Bradshaw
|
Pitching: RHP Salvatore Caraballo
|
|
Batting: LHB Danny Schultz
|
0-0: Ground out 5-3 (Groundball, 5, EV 80.6 MPH)
|
Pinch Hitting: LHB Dallas Shaw
|
0-0: Ball 1-0: Called Strike 1-1: Foul Ball, location: 2F 1-2: Reached on error, E4 (Groundball, 4, EV 85.6 MPH)
|
Batting: SHB Andrew Robison
|
0-0: Ball 1-0: Called Strike 1-1: Bunt missed! 1-2: Foul Ball, location: 2F 1-2: Fly out, F7 (Flyball, 7LS, EV 82.5 MPH)
|
Pinch Hitting: LHB Adam Antico
|
0-0: Fly out, F9 (Flyball, 9LSF, EV 93.8 MPH)
|
Top of the 10th over - 0 runs, 0 hits, 1 error, 1 left on base; University of Alabama 1 - Mississippi State University 1 |
BOTTOM OF THE 10TH |
Mississippi State University Bulldogs batting - Pitching for University of Alabama Crimson Tide : RHP Dave Bellah
|
Pitching: RHP Cameron Dickens
|
|
Now at C: Eric Briseno
|
|
Now at 2B: Rodrik Gardner
|
|
Batting: RHB Alexis Gallegos
|
0-0: Ball 1-0: Called Strike 1-1: Foul Ball, location: 2F 1-2: Foul Ball, location: 2F 1-2: Foul Ball, location: 2F 1-2: Foul Ball, location: 2F 1-2: Ball 2-2: Ball 3-2: Foul Ball, location: 2F 3-2: Base on Balls
|
Pinch Hitting: RHB Benjamin Alderdice
|
0-0: Called Strike 0-1: Ball 1-1: Ball 2-1: Grounds into double play, 6-4-3 (Groundball, 6, EV 81.2 MPH)
|
Batting: RHB Freddie Kite
|
0-0: Ball 1-0: Ball 2-0: Fly out, F8 (Line Drive, 78M, EV 92.5 MPH)
|
Bottom of the 10th over - 0 runs, 0 hits, 0 errors, 0 left on base; University of Alabama 1 - Mississippi State University 1 |
TOP OF THE 11TH |
University of Alabama Crimson Tide batting - Pitching for Mississippi State University Bulldogs : RHP Salvatore Caraballo
|
Pitching: RHP Esteban Vidal
|
|
Now at 1B: Benjamin Alderdice
|
|
Pinch Hitting: RHB Fernando Reyes
|
0-0: Called Strike 0-1: Ball 1-1: Swinging Strike 1-2: Foul Ball, location: 2F 1-2: Strikes out swinging
|
Batting: LHB Platon Protopsaltis
|
0-0: Ball 1-0: Ground out 4-3 (Groundball, 4, EV 81.9 MPH)
|
Batting: RHB Al Lara
|
0-0: Called Strike 0-1: Ground out 6-3 (Groundball, 6, EV 98.8 MPH)
|
Top of the 11th over - 0 runs, 0 hits, 0 errors, 0 left on base; University of Alabama 1 - Mississippi State University 1 |
BOTTOM OF THE 11TH |
Mississippi State University Bulldogs batting - Pitching for University of Alabama Crimson Tide : RHP Cameron Dickens
|
Pitching: RHP Ken McGee
|
|
Now at 3B: Fernando Reyes
|
|
Batting: RHB Josh Simmons
|
0-0: Ball 1-0: Swinging Strike 1-1: Swinging Strike 1-2: Ball 2-2: Strikes out swinging
|
Pinch Hitting: RHB Jesse Hodges
|
0-0: Ball 1-0: Ball 2-0: Ball 3-0: Called Strike 3-1: Base on Balls
|
Pinch Hitting: LHB Tim Johnson
|
0-0: Foul Ball, location: 2F 0-1: Called Strike 0-2: Ball 1-2: Ball 2-2: Ball 3-2: Foul Ball, location: 2F 3-2: Base on Balls Jesse Hodges to second
|
Batting: LHB Vinnie Kalman
|
0-0: Ball 1-0: Ball 2-0: Fielders Choice at 2nd, 4-6 (Groundball, 4, EV 84.4 MPH) Jesse Hodges to third
|
Batting: RHB Josh Stene
|
0-0: Swinging Strike 0-1: Swinging Strike 0-2: Ball 1-2: Strikes out swinging
|
Bottom of the 11th over - 0 runs, 0 hits, 0 errors, 2 left on base; University of Alabama 1 - Mississippi State University 1 |
TOP OF THE 12TH |
University of Alabama Crimson Tide batting - Pitching for Mississippi State University Bulldogs : RHP Esteban Vidal
|
Pitching: RHP Sa'ng Dai
|
|
Now at C: Tim Johnson
|
|
Now in RF: Jesse Hodges
|
|
Pinch Hitting: RHB Gustavo Delgado
|
0-0: Foul Ball, location: 2F 0-1: Ball 1-1: Foul Ball, location: 2F 1-2: Fly out, F9 (Flyball, 89S, EV 89.4 MPH)
|
Batting: LHB Joe Blackwood
|
0-0: Called Strike 0-1: Foul Ball, location: 2F 0-2: Strikes out swinging, 2-3 out at first.
|
Batting: LHB Danny Schultz
|
0-0: Ball 1-0: Called Strike 1-1: Swinging Strike 1-2: Foul Ball, location: 2F 1-2: Strikes out swinging
|
Top of the 12th over - 0 runs, 0 hits, 0 errors, 0 left on base; University of Alabama 1 - Mississippi State University 1 |
BOTTOM OF THE 12TH |
Mississippi State University Bulldogs batting - Pitching for University of Alabama Crimson Tide : RHP Ken McGee
|
Pitching: RHP Kirk James
|
|
Now at 1B: Justin Gray
|
|
Batting: LHB Tom Ploughman
|
0-0: Called Strike 0-1: Ball 1-1: Ball 2-1: Swinging Strike 2-2: Ball 3-2: Fly out, F4 (Popup, 4M, EV 54.4 MPH)
|
Batting: RHB Alexis Gallegos
|
0-0: Fly out, F8 (Line Drive, 8RM, EV 91.2 MPH)
|
Batting: RHB Benjamin Alderdice
|
0-0: Called Strike 0-1: Called Strike 0-2: Ball 1-2: Ball 2-2: Fly out, F9 (Flyball, 89M, EV 81.2 MPH)
|
Bottom of the 12th over - 0 runs, 0 hits, 0 errors, 0 left on base; University of Alabama 1 - Mississippi State University 1 |
TOP OF THE 13TH |
University of Alabama Crimson Tide batting - Pitching for Mississippi State University Bulldogs : RHP Sa'ng Dai
|
Pitching: RHP Chris Pearson
|
|
Batting: RHB Rodrik Gardner
|
0-0: Swinging Strike 0-1: Called Strike 0-2: Strikes out swinging
|
Batting: SHB Andrew Robison
|
0-0: Ball 1-0: Foul Ball, location: 2F 1-1: Ball 2-1: Called Strike 2-2: Foul Ball, location: 2F 2-2: Strikes out swinging
|
Batting: SHB Eric Briseno
|
0-0: Called Strike 0-1: Called Strike 0-2: Foul Ball, location: 2F 0-2: Ball 1-2: Ball 2-2: Ball 3-2: Fly out, F9 (Flyball, 9D, EV 103.8 MPH)
|
Top of the 13th over - 0 runs, 0 hits, 0 errors, 0 left on base; University of Alabama 1 - Mississippi State University 1 |
BOTTOM OF THE 13TH |
Mississippi State University Bulldogs batting - Pitching for University of Alabama Crimson Tide : RHP Kirk James
|
Pitching: RHP Justin Hillard
|
|
Batting: RHB Freddie Kite
|
0-0: Ball 1-0: Ball 2-0: Ground out 4-3 (Groundball, 4, EV 90.0 MPH)
|
Batting: RHB Josh Simmons
|
0-0: Ground out 1-3 (Groundball, P, EV 66.9 MPH)
|
Batting: RHB Jesse Hodges
|
0-0: Foul Ball, location: 2F 0-1: Foul Ball, location: 2F 0-2: Strikes out swinging
|
Bottom of the 13th over - 0 runs, 0 hits, 0 errors, 0 left on base; University of Alabama 1 - Mississippi State University 1 |
TOP OF THE 14TH |
University of Alabama Crimson Tide batting - Pitching for Mississippi State University Bulldogs : RHP Chris Pearson
|
Pitching: RHP Julio Espana
|
|
Batting: RHB Fernando Reyes
|
0-0: Called Strike 0-1: Ball 1-1: Swinging Strike 1-2: Strikes out swinging
|
Batting: LHB Platon Protopsaltis
|
0-0: Called Strike 0-1: Ball 1-1: Ground out 3-1 (Groundball, 34S, EV 90.6 MPH)
|
Batting: RHB Al Lara
|
0-0: Fly out, F8 (Flyball, 8LM, EV 82.5 MPH)
|
Top of the 14th over - 0 runs, 0 hits, 0 errors, 0 left on base; University of Alabama 1 - Mississippi State University 1 |
BOTTOM OF THE 14TH |
Mississippi State University Bulldogs batting - Pitching for University of Alabama Crimson Tide : RHP Justin Hillard
|
Pitching: RHP Luiz Schantz
|
|
Batting: LHB Tim Johnson
|
0-0: Ball 1-0: Swinging Strike 1-1: Foul Ball, location: 2F 1-2: Strikes out swinging
|
Batting: LHB Vinnie Kalman
|
0-0: Ball 1-0: Called Strike 1-1: Swinging Strike 1-2: Ball 2-2: Ball 3-2: Strikes out swinging
|
Batting: RHB Josh Stene
|
0-0: Ball 1-0: Ball 2-0: Called Strike 2-1: Called Strike 2-2: Ball 3-2: Foul Ball, location: 2F 3-2: Base on Balls
|
Batting: LHB Tom Ploughman
|
0-0: Swinging Strike 0-1: Ball 1-1: Foul Ball, location: 2F 1-2: Foul Ball, location: 2F 1-2: Strikes out swinging
|
Bottom of the 14th over - 0 runs, 0 hits, 0 errors, 1 left on base; University of Alabama 1 - Mississippi State University 1 |
TOP OF THE 15TH |
University of Alabama Crimson Tide batting - Pitching for Mississippi State University Bulldogs : RHP Julio Espana
|
Pitching: RHP Bob Majka
|
|
Batting: RHB Justin Gray
|
0-0: Foul Ball, location: 2F 0-1: Fly out, F8 (Flyball, 8LD, EV 75.6 MPH)
|
Batting: LHB Joe Blackwood
|
0-0: Called Strike 0-1: DOUBLE (Line Drive, 7LS, EV 100.6 MPH)
|
Batting: LHB Danny Schultz
|
0-0: Foul Ball, location: 2F 0-1: Ball Joe Blackwood steals 3rd, throwing error, E2 Joe Blackwood scores 1-1: Called Strike 1-2: Ball 2-2: Ball 3-2: Base on Balls
|
Batting: RHB Rodrik Gardner
|
0-0: Ball 1-0: Ball 2-0: Ball 3-0: Called Strike 3-1: Fly out, F3 (Popup, 23F, EV 88.1 MPH)
|
Batting: SHB Andrew Robison
|
0-0: Called Strike 0-1: Ball Danny Schultz steals 2nd base 1-1: Ball 2-1: Foul Ball, location: 2F 2-2: Strikes out looking
|
Top of the 15th over - 1 run, 1 hit, 1 error, 1 left on base; University of Alabama 2 - Mississippi State University 1 |
BOTTOM OF THE 15TH |
Mississippi State University Bulldogs batting - Pitching for University of Alabama Crimson Tide : RHP Luiz Schantz
|
Pitching: RHP Chad Wickel
|
|
Batting: RHB Alexis Gallegos
|
0-0: Foul Ball, location: 2F 0-1: Ball 1-1: Foul Ball, location: 2F 1-2: Fly out, F8 (Flyball, 8RXD, EV 85.6 MPH)
|
Batting: RHB Benjamin Alderdice
|
0-0: Called Strike 0-1: Foul Ball, location: 2F 0-2: Ball 1-2: Foul Ball, location: 2F 1-2: Ball 2-2: SINGLE (Groundball, 34D, EV 94.4 MPH)
|
Batting: RHB Freddie Kite
|
0-0: Called Strike 0-1: Ball 1-1: Called Strike 1-2: Strikes out swinging
|
Batting: RHB Josh Simmons
|
0-0: Called Strike 0-1: Ball 1-1: Foul Ball, location: 2F 1-2: SINGLE (Flyball, 89S, EV 91.9 MPH) Benjamin Alderdice to second Runner from 2nd tries for 3rd, SAFE, throw by RF made to third
|
Batting: RHB Jesse Hodges
|
0-0: Fly out, F9 (Flyball, 89S, EV 80.0 MPH)
|
Bottom of the 15th over - 0 runs, 2 hits, 0 errors, 2 left on base; University of Alabama 2 - Mississippi State University 1 |
|